 Dungeon Crawl Stone Soup version 0.30.1 (webtiles) character file.

Game seed: 13195418535987694022

10864 H0rd4k the Covert (level 11, -8/70 HPs)
             Began as an Octopode Artificer on July 3, 2023.
             Was an Initiate of Gozag.
             Mangled by a centaur warrior simulacrum (26 damage)
             ... in a Gauntlet.
             The game lasted 00:26:14 (12382 turns).

H0rd4k the Covert (Octopode Artificer)             Turns: 12382, Time: 00:26:14

Health: -8/70      AC:  5    Str: 17    XL:     11   Next: 68%
Magic:  11/11      EV: 18    Int: 18    God:    Gozag
Gold:   1466       SH:  0    Dex: 19    Spells: 10/10 levels left

rFire   + .          .
                       - Unarmed
rCold   . . .        (no shield)
rNeg    . . .        (helmet restricted)
rPois   .            H - amulet of regeneration
rElec   .            a - +6 ring of dexterity
rCorr   .            L - +4 ring of protection
SInv    .            e - ring of protection from fire
Will    .....        J - ring of flight
Stlth   ++++++       c - +6 ring of strength
HPRegen 1.11/turn    (no ring)
MPRegen 0.12/turn    (no ring)
                     (no ring)

%: no teleportation
@: flying, hasted, studying 2 skills, very quick
A: almost no armour, amphibious, 8 rings, camouflage 1, gelatinous body 1,
(nimble swimmer 1), tentacles
a: Renounce Religion, Potion Petition, Call Merchant, Bribe Branch


You were in a Gauntlet.
You worshipped Gozag.
Gozag was most pleased with you.
You visited 2 branches of the dungeon, and saw 12 of its levels.
You also visited: Sewer, Ossuary and Gauntlet.

You collected 1625 gold pieces.
You paid 159 gold pieces to Gozag.

Inventory:

Hand Weapons
 d - a +2 falchion
Missiles
 i - a throwing net
 E - 20 poisoned darts (quivered)
Armour
 O - a +1 hat
Jewellery
 a - a +6 ring of dexterity (left tentacle)
 c - a +6 ring of strength (on tentacle)
 e - a ring of protection from fire (on tentacle)
 H - an amulet of regeneration (around mantle)
 J - a ring of flight (on tentacle)
 L - a +4 ring of protection (right tentacle)
Wands
 b - a wand of roots (5)
 G - a wand of flame (12)
Scrolls
 g - 8 scrolls of amnesia
 h - 7 scrolls of teleportation
 k - 6 scrolls of vulnerability
 l - 2 scrolls of magic mapping
 p - a scroll of torment {unknown}
 s - 2 scrolls of poison
 t - 6 scrolls of fear
 u - 2 scrolls of enchant armour
 w - 2 scrolls of immolation
 y - 2 scrolls of fog
 D - 2 scrolls of brand weapon
 F - a scroll of blinking {unknown}
 N - a scroll of noise {unknown}
Potions
 f - 3 potions of might
 j - 4 potions of haste
 m - a potion of mutation {unknown}
 n - 2 potions of resistance
 o - 4 potions of brilliance
 q - 6 potions of curing
 r - 5 potions of heal wounds
 v - 4 potions of cancellation
 x - 3 potions of attraction
 z - 3 potions of lignification
 A - a potion of berserk rage {unknown}
 B - 2 potions of degeneration {unknown}
 C - 2 potions of invisibility {unknown}
 K - 2 potions of flight {unknown}


   Skills:
 + Level 4.4 Fighting
 + Level 6.2 Throwing
 + Level 7.6 Dodging
 + Level 11.8 Stealth
 + Level 10.8 Unarmed Combat
 + Level 8.7 Evocations


You had 10 spell levels left.
You didn't know any spells.
Your spell library contained the following spells:

 Spells                   Type           Power      Damage    Failure   Level
 Magic Dart               Conj           0%         1d3       22%         1
 Necrotise                Necr           0%         1d4       22%         1
 Searing Ray              Conj           0%         2d4       32%         2
 Vampiric Draining        Necr           0%         2d6       54%         3
 Fulminant Prism          Conj/Hex       0%         3d5       91%         4
 Agony                    Necr           0%         N/A       99%         5


Dungeon Overview and Level Annotations

Branches:
Dungeon (11/15)            Temple (1/1) D:6           Sewer (visited)
Ossuary (visited)         Gauntlet (1/1)
   Lair: D:8-11         Orc: D:9-12

Altars:
Cheibriados
Dithmenos
Gozag
Hepliaklqana
Kikubaaqudgha
Makhleb
Nemelex Xobeh
Okawaru
Qazlal
Ru
Sif Muna
Trog
Uskayaw
Vehumet
Wu Jian
Xom
Yredelemnul
Zin
The Shining One

Shops:
D:3 :

Annotations:
D:4 exclusion: downstairs
D:6 exclusion: 2 downstairs
D:7 exclusion: downstairs
D:9 exclusion: 2 downstairs
D:10 exclusion: 3 slime creatures Gauntlet 15 transporters


Innate Abilities, Weirdness & Mutations

You cannot wear most types of armour.
You are amphibious.
You can wear up to eight rings at the same time.
Your skin changes colour to match your surroundings (Stealth+).
Your rubbery body absorbs attacks. (AC +1, EV +1)
((You are camouflaged when in or above water. (Stealth+)))
You have tentacles for arms and can constrict up to eight enemies at once.


Message History

Found a gate leading back out of this place.
Partly explored, unvisited transporter.
Partly explored, unvisited transporter.
Partly explored, unvisited transporter.
Partly explored, unvisited transporter.
As you read the scroll of identify, it crumbles to dust.
y - 2 scrolls of fog
As you read the scroll of identify, it crumbles to dust.
x - 3 potions of attraction
As you read the scroll of identify, it crumbles to dust.
z - 3 potions of lignification Partly explored, unvisited transporter.
Partly explored, unvisited transporter.
You don't know any spells.
Okay, then.
Search for what [? for help]? .
Unknown command.
Unknown command.
Saving game... please wait.
Level annotation: 16 transporters Welcome back, H0rd4k the Octopode Artificer.
Gozag says: Greed is good.
Press ? for a list of commands and other information.
Okay, then.
Partly explored, unvisited transporter.
There is a transporter here.
You enter the transporter and appear at another place.
The centaur warrior simulacrum hits you.
The centaur warrior simulacrum freezes you!!
The centaur warrior simulacrum kicks you.
The centaur warrior simulacrum freezes you!!
* * * LOW HITPOINT WARNING * * *
Okay, then.
Okay, then.
You feel yourself speed up.
The centaur warrior simulacrum hits you.
* * * LOW HITPOINT WARNING * * *
The centaur warrior simulacrum freezes you!!
You die...
Your body crumbles into a pile of gold.

########...###########..#
.........≈......©......§###
........≈8≈........∩..§∩#8#
.........≈......§.....§§###
########...###########..#
.....xx#...##.......##..#
##.##.X#...#.#..Z..#.#..###
#...##x#...#..#..Z#..#..#8#
.....#.###.#...#@#...#..###
..©....#©#.#Z...#.Z..#..#
..x..#.#.#.#...#.#...#..###
#. .##.#.#.#..#...#..#..#8#
# #..#.#.#.#.....#.#..###
.. ...#.#.##.[.©.!.##..# ##
####.#############..### §≈
≈§§≈#........©#......#8#
########.#########.....≈###


You could see a cane toad simulacrum and 3 centaur warrior simulacra.

Vanquished Creatures
  A tengu warrior (D:11)
  2 death yaks (D:10)
  A cyclops (D:7)
  Maurice (D:8)
  A kobold demonologist (D:9)
  A troll (D:9)
  3 hornets
  Sigmund (D:4)
  A vampire (D:11)
  20 yaks
  Eustachio (D:6)
  3 steam dragons
  A water moccasin (D:8)
  An orc warrior (D:9)
  3 ice beasts
  A black bear (D:5)
  5 centaurs
  A bullfrog (D:7)
  3 kobold brigands
  3 gnoll sergeants
  A scorpion (D:5)
  10 wights (D:9)
  6 killer bees
  4 howler monkeys
  3 centaur zombies (Ossuary)
  5 orc priests
  A gnoll bouda (D:6)
  A sleepcap (D:6)
  Jessica (D:2)
  2 iguanas
  3 orc wizards
  3 hell rats (D:10)
  5 mummies
  21 gnolls
  11 adders
  4 river rats
  A shadow imp (D:6)
  A white imp (D:6)
  4 worms
  2 dart slugs
  17 orcs
  10 endoplasms
  9 giant cockroaches
  6 goblins
  9 hobgoblins
  4 jackals (D:4)
  8 quokkas
  15 ball pythons
  3 bats
  9 frilled lizards
  4 hobgoblin zombies (Ossuary)
  31 kobolds
  38 rats
306 creatures vanquished.

Vanquished Creatures (collateral kills)
  An ogre (D:5)
  Blork the orc (D:4)
  4 gnolls (D:7)
  3 orcs
  2 ball pythons (Sewer)
  A quokka (D:5)
  A frilled lizard (Sewer)
  A hobgoblin zombie (Ossuary)
14 creatures vanquished.

Vanquished Creatures (others)
  An ice beast (D:8)
  2 bullfrogs (Sewer)
  A gnoll bouda (D:5)
  2 centaur zombies (Ossuary)
6 creatures vanquished.

Grand Total: 326 creatures vanquished

Notes
Turn   | Place    | Note
-------+----------+-------------------------------------------
     0 | D:1      | H0rd4k the Octopode Artificer began the quest for the Orb.
     0 | D:1      | Reached XP level 1. HP: 13/13 MP: 1/1
   238 | D:1      | Reached XP level 2. HP: 17/18 MP: 2/2
   333 | D:1      | Reached skill level 2 in Stealth
   365 | D:1      | Reached XP level 3. HP: 9/23 MP: 3/3
  1206 | D:2      | Found a shimmering altar of Xom.
  1272 | D:2      | Noticed Jessica
  1281 | D:2      | Killed Jessica
  1282 | D:2      | Reached skill level 3 in Stealth
  1282 | D:2      | Reached skill level 1 in Unarmed Combat
  1282 | D:2      | Reached XP level 4. HP: 6/28 MP: 4/4
  1669 | D:3      | Found a faded altar of an unknown god.
  1674 | D:3      | Found a glowing golden altar of the Shining One.
  1691 | D:3      | Found a glowing drain.
  1700 | D:3      | Reached XP level 5. HP: 31/33 MP: 5/5
  1707 | Sewer    | Entered a sewer
  1801 | Sewer    | Reached skill level 4 in Stealth
  2306 | Sewer    | Reached skill level 5 in Stealth
  2306 | Sewer    | Reached XP level 6. HP: 8/38 MP: 6/6
  2667 | D:3      | Found a radiant altar of Vehumet.
  2767 | D:3      | Found Derafep's Vocational Training.
  3038 | D:4      | Noticed Sigmund
  3138 | D:4      | Noticed Blork the orc
  3146 | D:4      | Killed Blork the orc
  3213 | D:4      | Killed Sigmund
  3214 | D:4      | Reached skill level 6 in Stealth
  3214 | D:4      | Reached XP level 7. HP: 44/44 MP: 7/7
  3421 | D:5      | Entered Level 5 of the Dungeon
  3540 | D:5      | Found a sand-covered staircase.
  3550 | Ossuary  | Entered an ossuary
  3688 | Ossuary  | Reached skill level 7 in Stealth
  3896 | D:5      | Reached XP level 8. HP: 42/50 MP: 8/8
  3903 | D:5      | Reached skill level 5 in Unarmed Combat
  3903 | D:5      | Reached skill level 5 in Evocations
  5067 | D:5      | Identified a scroll of acquirement
  5067 | D:5      | Acquired a manual of Evocations
  5350 | D:6      | Reached skill level 8 in Stealth
  5813 | D:6      | Found a staircase to the Ecumenical Temple.
  5958 | D:6      | Reached XP level 9. HP: 39/55 MP: 9/9
  6119 | Temple   | Entered the Ecumenical Temple
  6256 | D:6      | Noticed Eustachio
  6714 | D:7      | Noticed a hornet
  6855 | D:6      | Killed Eustachio
  6856 | D:6      | Reached skill level 1 in Throwing
  6916 | D:7      | Reached skill level 5 in Dodging
  6950 | D:7      | Reached skill level 9 in Stealth
  7173 | D:7      | Noticed a cyclops
  7532 | D:7      | Found an opulent altar of Gozag.
  7558 | D:7      | Became a worshipper of Gozag Ym Sagoz the Greedy
  8001 | D:8      | Noticed a hornet
  8013 | D:8      | Killed a hornet
  8014 | D:8      | Reached skill level 10 in Stealth
  8731 | D:7      | Killed a hornet
  8994 | D:7      | Killed a cyclops
  9247 | D:8      | Reached XP level 10. HP: 63/63 MP: 10/10
  9315 | D:6      | Reached skill level 11 in Stealth
  9547 | D:8      | Noticed Maurice
  9554 | D:8      | Killed Maurice
 10185 | D:9      | Reached skill level 5 in Throwing
 10301 | D:9      | Found a snail-covered altar of Cheibriados.
 10675 | D:9      | Reached XP level 11. HP: 60/69 MP: 11/11
 10843 | D:9      | Noticed a sun demon
 11208 | D:10     | Entered Level 10 of the Dungeon
 11405 | D:10     | Noticed a death yak
 11405 | D:10     | Noticed a death yak
 11405 | D:10     | Noticed a death yak
 11883 | D:10     | Reached skill level 10 in Unarmed Combat
 11900 | D:10     | Killed a death yak
 11912 | D:10     | Killed a death yak
 12004 | D:11     | Noticed a tengu warrior
 12033 | D:11     | Killed a tengu warrior
 12042 | D:11     | Found a gate leading to a gauntlet.
 12051 | Gauntlet | Entered a Gauntlet
 12051 | Gauntlet | Found a transporter.
 12051 | Gauntlet | Found a transporter.
 12056 | Gauntlet | Found a transporter.
 12071 | Gauntlet | Found a transporter.
 12078 | Gauntlet | Noticed a great orb of eyes
 12081 | Gauntlet | Noticed a cyan ugly thing
 12084 | Gauntlet | Noticed a cyan ugly thing
 12087 | Gauntlet | Found a transporter.
 12098 | Gauntlet | Found a transporter.
 12120 | Gauntlet | Noticed a thrashing horror
 12181 | Gauntlet | Found a transporter.
 12196 | Gauntlet | Found a transporter.
 12210 | Gauntlet | Found a transporter.
 12223 | Gauntlet | Found a transporter.
 12232 | Gauntlet | Noticed a thrashing horror
 12239 | Gauntlet | Found a transporter.
 12241 | Gauntlet | Noticed a thrashing horror
 12306 | Gauntlet | Found a transporter.
 12311 | Gauntlet | Noticed a thrashing horror
 12314 | Gauntlet | Found a transporter.
 12317 | Gauntlet | Found a transporter.
 12321 | Gauntlet | Found a transporter.
 12328 | Gauntlet | Found a transporter.
 12382 | Gauntlet | Mangled by a centaur warrior simulacrum

Illustrated notes

Levels and vault maps discovered:
D:1:      dpeg_arrival_rhombi, layout_basic
D:2:      layout_rooms, basic_altar, kennysheep_jessica_study
D:3:      layout_rooms, nicolae_overflow_ecumenical_swirl, vehumet_crystals,
          gup_sewer_entry_glass, nicolae_shop_vocational
D:4:      layout_rooms, uniq_sigmund, uniq_blork_the_orc
D:5:      layout_loops_corners, gup_ossuary_entry_pyramid, minmay_manual_moon
D:6:      layout_gridville, minmay_temple_entry_mist, uniq_eustachio
D:7:      layout_basic, kennysheep_little_box, chequers_serial_rivers_marsh
D:8:      layout_loops_ring, kennysheep_generic_room_13, uniq_maurice
D:9:      layout_basic, mainiacjoe_overflow_cross_hatched
D:10:     layout_basic, general_overflow_altar,
          gammafunk_temple_overflow_elements, dpeg_lair_monsters
D:11:     minmay_wavy_crystal, layout_small_grid, gauntlet_entry_generic
Temple:   eino_wide_crystal_templ
Gauntlet: gammafunk_gauntlet_branching [gammafunk_gauntlet_arena_grid,
          nicolae_gauntlet_arena_x, gammafunk_gauntlet_arena_hedges,
          gammafunk_gauntlet_arena_spirals,
          gammafunk_gauntlet_arena_split_diamond, nicolae_gauntlet_swirl,
          nicolae_gauntlet_arena_t_cross, nicolae_gauntlet_arena_blocks,
          gauntlet_exit_green]

Skill      XL: |  1  2  3  4  5  6  7  8  9 10 11 |
---------------+----------------------------------+-----
Stealth        | 2 3 5 6 7 8 10 11 | 11.8
Evocations     | 4 6 8 |  8.7
Unarmed Combat | 1 2 3 4 6 7 9 10 | 10.8
Dodging        | 3 4 5 7 |  7.6
Fighting       | 2 3 4 |  4.4
Throwing       | 2 5 6 |  6.2

Action                     |  1- 3 |  4- 6 |  7- 9 | 10-12 || total
---------------------------+-------+-------+-------+-------++-------
  Melee: Unarmed           |    87 |   171 |   220 |   292 ||   770
         Constrict         |    31 |    57 |    55 |    39 ||   182
         Tentacles         |    23 |    39 |    68 |    93 ||   223
         Punch             |     1 |     3 |     4 |    27 ||    35
  Throw: Dart              |       |       |    45 |    99 ||   144
  Evoke: Wand              |     5 |     9 |    43 |    15 ||    72
    Use: Potion            |       |     3 |       |     2 ||     5
         Scroll            |       |       |    11 |     5 ||    16
   Stab: Sleeping          |    10 |    17 |    12 |     2 ||    41
         Distracted        |       |       |     2 |     1 ||     3
         Paralysed         |       |       |    16 |       ||    16
         Invisible         |       |       |       |     6 ||     6
 Armour: Skin              |     6 |     8 |    13 |    28 ||    55
  Dodge: Dodged            |    51 |   151 |   203 |   207 ||   612
